Map: Apotheosis LE

Players

Nickos - Winner!

  • Race: Terran Terran
  • League: Gold

Bear

  • Race: Terran Terran
  • League: Gold

VOD

Have the link to the VOD?

Description

Time

  • Played on: Sept. 24, 2016, 10:56 p.m.
  • Length: 10:36
Show
View Real Time Build Order
Export as new Build Order

Nickos Terran - Winner!

Build Orders:  

Get SALT Encoding   

  12  0:00  SCV  
  13  0:13  SCV  
  14  0:18  Supply Depot  
  14  0:25  SCV  
  15  0:39  SCV  
  15  0:41  Barracks  
  16  0:51  SCV  
  17  1:03  SCV  
  18  1:16  SCV  
  19  1:21  Command Center  
  19  1:30  Orbital Command  
  19  1:33  Marine  
  20  1:44  Barracks  
  20  1:53  Marine  
  21  1:56  Supply Depot  
  21  2:02  SCV  
  22  2:11  Marine  
  22  2:14  SCV  
  23  2:20  Barracks  
  23  2:23  Refinery  
  23  2:26  SCV  
  24  2:31  Marine x2  
  26  2:37  Orbital Command  
  26  2:38  SCV  
  27  2:47  Refinery  
  27  2:49  Marine x2  
  27  2:50  SCV  
  30  3:02  SCV  
  30  3:04  SCV  
  32  3:10  Barracks Tech Lab  
  32  3:11  Marine  
  33  3:14  SCV  
  33  3:15  Barracks Reactor  
  34  3:23  SCV  
  34  3:26  SCV  
  36  3:33  Barracks Reactor  
  36  3:35  SCV  
  36  3:41  SCV  
  38  3:47  SCV  
  38  3:48  Barracks x2, Stimpack  
  39  3:51  Supply Depot  
  39  3:55  Marine x2, SCV  
  40  3:59  SCV, Marauder  
  45  4:07  Supply Depot, SCV  
  46  4:12  Marine x2  
  46  4:13  Marine, Supply Depot, SCV  
  50  4:19  SCV, Marine, Factory  
  50  4:23  Marauder  
  54  4:28  SCV  
  54  4:31  Supply Depot, SCV  
  56  4:38  Barracks Tech Lab x2  
  56  4:39  Marine x2  
  56  4:41  SCV  
  56  4:43  SCV  
  56  4:44  Marine x2  
  62  4:53  SCV  
  62  4:55  SCV  
  66  5:00  Marauder x3  
  66  5:03  Factory Reactor  
  66  5:05  SCV  
  71  5:07  Starport, SCV  
  71  5:11  Supply Depot  
  71  5:13  Supply Depot  
  72  5:17  SCV  
  72  5:19  SCV  
  66  5:21  Marauder  
  66  5:26  Marine  
  66  5:27  Marine x5  
  59  5:32  SCV  
  59  5:33  SCV  
  61  5:42  Marine  
  61  5:44  Marine x3  
  61  5:45  Marine  
  65  5:54  Marine x2  
  65  5:56  SCV x2  
  66  6:00  Marine  
  66  6:02  Marine x2  
  66  6:04  Marine x2  
  69  6:08  SCV  
  69  6:09  SCV  
  72  6:11  Marine  
  72  6:12  Marine  
  67  6:27  Marine x3  
  67  6:28  Marine x2  
  67  6:29  Marine x2  
  69  6:37  Medivac  
  69  6:38  Medivac  
  73  6:43  Supply Depot  
  73  6:45  Marine x2  
  73  6:46  Marine x3  
  77  6:48  Marine  
  77  6:49  Marine  
  78  6:55  SCV x2  
  80  7:02  Marine  
  80  7:03  Marine  
  80  7:04  Marine  
  80  7:06  Supply Depot  
  80  7:07  Medivac  
  85  7:08  Medivac, Supply Depot  
  85  7:10  Marauder  
  88  7:18  Marine x3  
  89  7:30  Liberator  
  89  7:31  Liberator  
  89  7:32  Marauder  
  89  7:35  Marine x3  
  89  7:36  Marauder  
  89  7:37  Marauder  
  94  7:47  Marine  
  101  7:53  Marauder, Marine  
  101  7:58  Marauder  
  105  8:08  Marine  
  104  8:13  SCV x2  
  104  8:19  Marine, Marauder x3  
  112  8:20  Marine  
  112  8:25  Command Center, Supply Depot, SCV  
  115  8:28  Supply Depot, SCV  
  115  8:30  Medivac  
  118  8:47  Marauder  
  120  8:50  Marine  
  120  8:51  Marine x5  
  121  9:05  Medivac  
  121  9:08  Marauder, Marine x2  
  121  9:09  Marauder  
  131  9:10  Marauder  
  131  9:14  Marine x2  
  133  9:26  Marine  
  133  9:27  Marine  
  133  9:30  Marine  
  133  9:31  Marine  
  134  9:32  Marine  
  134  9:33  Marine  
  134  9:36  Marauder  
  136  9:44  Marine  
  136  9:45  Marine  
  133  9:48  Marine  
  133  9:50  Marine x2  
  133  9:51  Marine  
  125  9:57  Marine  
  124  10:01  Medivac x2  
  124  10:02  Marine  
  124  10:03  Marine  
  124  10:06  Marine  
  131  10:08  Marine x3  
  130  10:15  Marine  
Show
View Real Time Build Order
Export as new Build Order

Bear Terran 

Build Orders: Liberator Opening 

Get SALT Encoding   

  12  0:00  SCV  
  13  0:14  Supply Depot  
  13  0:19  SCV  
  14  0:31  SCV  
  14  0:32  Refinery  
  15  0:44  Barracks  
  15  0:47  SCV  
  16  0:59  Refinery, SCV  
  18  1:11  SCV  
  18  1:17  Barracks  
  18  1:23  SCV  
  19  1:32  Reaper  
  20  1:35  SCV  
  21  1:43  Supply Depot  
  21  1:57  Factory  
  21  2:19  Barracks Tech Lab  
  21  2:22  Orbital Command  
  21  2:26  Marine  
  22  2:35  Supply Depot  
  22  2:44  Marine  
  24  2:58  Starport  
  24  2:59  Barracks Reactor  
  23  3:08  Siege Tank  
  25  3:34  Marine  
  26  3:40  Siege Tank  
  29  3:43  SCV  
  30  3:49  Supply Depot  
  30  3:51  Supply Depot, Marine  
  31  3:55  Liberator, SCV  
  32  4:03  Viking  
  37  4:20  Marine  
  37  4:21  Marine  
  39  4:39  Viking  
  39  4:44  Marine  
  39  4:45  Marine  
  43  4:58  Siege Tank  
  46  5:02  Marine x2  
  48  5:16  Viking  
  47  5:37  Siege Tank  
  50  5:50  Command Center  
  47  5:57  Liberator  
  47  6:07  Marine  
  47  6:08  Marine  
  47  6:09  Siege Tank  
  55  6:23  SCV  
  55  6:25  Supply Depot, Marine x2  
  47  6:35  SCV  
  48  6:41  Siege Tank  
  48  6:43  Marine x2  
  53  7:01  Marine x2  
  55  7:14  Siege Tank  
  58  7:20  Marine x2  
  58  7:22  SCV  
  59  7:25  Orbital Command  
  59  7:28  Refinery  
  54  7:34  SCV  
  50  7:39  Marine x2  
  48  7:46  Siege Tank, SCV  
  49  7:56  Bunker  
  49  7:59  SCV  
  49  8:11  SCV  
  49  8:12  SCV  
  48  8:22  Refinery  
  48  8:23  SCV  
  48  8:24  Engineering Bay, SCV  
  50  8:33  Supply Depot  
  50  8:35  SCV  
  50  8:37  SCV  
  52  8:41  Marine x2  
  52  8:47  SCV  
  55  8:49  SCV  
  42  8:56  Supply Depot  
  42  8:59  SCV  
  42  9:01  SCV  
  36  9:11  SCV  
  36  9:13  SCV  
  36  9:15  Missile Turret  
  38  9:23  SCV  
  39  9:25  SCV  
  39  9:26  Bunker, Siege Tank  
  43  9:35  SCV  
  43  9:37  Missile Turret  
  43  9:38  Marine x2  
  32  9:55  Marine  
  32  9:56  Marine  
  30  10:04  Missile Turret  
  30  10:05  SCV x2  
  26  10:13  Marine  
  27  10:17  SCV x2  
Tags
 
Add a new tag
Caveats
  • Supply blocks, unpowered buildings, or Contaminate may cause inaccurate times.
  • Supply counts are checked every 10 seconds.